 Dungeon Crawl Stone Soup version 0.22-a0-433-gd2a9cce (webtiles) character file.

5427 George the Carver (level 10, 0/88 HPs)
             Began as a Minotaur Fighter on May 28, 2018.
             Was a Believer of Makhleb.
             Slain by a small abomination (10 damage)
             ... on level 9 of the Dungeon.
             The game lasted 00:11:53 (8203 turns).

George the Carver (Minotaur Fighter)                Turns: 8203, Time: 00:11:54

Health: 0/88       AC: 13    Str: 24      XL:     10   Next: 40%
Magic:  12/12      EV:  9    Int:  5      God:    Makhleb [**....]
Gold:   219        SH: 11    Dex:  7 (10) Spells: 9/9 levels left

rFire    + . .     SeeInvis .   a - +0 long sword
rCold    + . .     Gourm    .   c - +0 shield
rNeg     . . .     Faith    .   C - +2 chain mail {rPois}
rPois    +         Spirit   .   (helmet restricted)
rElec    .         Reflect  .   (no cloak)
rCorr    .         Harm     .   (no gloves)
MR       .....                  (no boots)
Stlth    ..........             G - amulet of regeneration
HPRegen  0.64/turn              A - ring of protection from fire
MPRegen  0.13/turn              B - ring of protection from cold

@: no status effects
A: retaliatory headbutt, horns 2
a: Minor Destruction, Renounce Religion


You were on level 9 of the Dungeon.
You worshipped Makhleb.
Makhleb was pleased with you.
You were not hungry.

You visited 2 branches of the dungeon, and saw 10 of its levels.

You collected 549 gold pieces.
You spent 330 gold pieces at shops.

Inventory:

Hand Weapons
 a - a +0 long sword (weapon)
Armour
 c - a +0 shield (worn)
 C - a +2 chain mail of poison resistance (worn)
Jewellery
 A - a ring of protection from fire (left hand)
 B - a ring of protection from cold (right hand)
 G - an amulet of regeneration (around neck)
Wands
 D - a wand of flame (17)
 H - a wand of polymorph (14)
 I - a wand of paralysis (19)
Scrolls
 b - 5 scrolls of remove curse
 e - 2 scrolls of magic mapping {unknown}
 k - a scroll of enchant armour {unknown}
 m - 2 scrolls of fear {unknown}
 n - 5 scrolls of teleportation {unknown}
 o - a scroll of fog {unknown}
 p - a scroll of blinking {unknown}
 q - 4 scrolls of enchant weapon {unknown}
 r - a scroll of amnesia {unknown}
 t - 4 scrolls of identify
 v - 2 scrolls of immolation {unknown}
 x - a scroll of silence {unknown}
 y - a scroll of random uselessness {unknown}
 F - a scroll of summoning {unknown}
Potions
 d - a potion of might
 g - 3 potions of brilliance
 h - 2 potions of haste
 i - 5 potions of curing
 j - 3 potions of agility
 l - a potion of heal wounds
 s - a potion of invisibility {unknown}
 u - 4 potions of resistance
 w - 2 potions of lignification {unknown}
 z - a potion of berserk rage {unknown}
 E - a potion of flight {unknown}
Comestibles
 f - 10 rations


   Skills:
 + Level 8.1 Fighting
 + Level 10.2 Long Blades
 + Level 8.2 Armour
 + Level 6.5 Dodging
 + Level 8.0 Shields
 + Level 4.9 Invocations


You had 9 spell levels left.
You didn't know any spells.
Your spell library contained the following spells:

 Spells                   Type           Power        Failure   Level  Hunger
 Summon Small Mammal      Summ           #...         100%        1    ##.....
 Summon Ice Beast         Ice/Summ       #.......     100%        4    #####..
 Call Imp                 Summ           #.......     100%        2    ###....
 Corpse Rot               Necr           N/A          100%        2    ###....
 Stone Arrow              Conj/Erth      #.....       100%        3    ####...
 Passwall                 Tmut/Erth      #.......     100%        2    ###....
 Call Canine Familiar     Summ           #.......     100%        3    ####...
 Lee's Rapid Deconstruct  Erth           #.........   100%        5    ######.
 Sandblast                Erth           #.....       100%        1    ##.....
 Petrify                  Tmut/Erth      #.......     100%        4    #####..
 Leda's Liquefaction      Hex/Erth       #.........   100%        4    #####..
 Summon Hydra             Summ           #.........   100%        7    #######
 Summon Forest            Summ/Tloc      #.........   100%        5    ######.
 Summon Lightning Spire   Summ/Air       #.......     100%        4    #####..
 Summon Guardian Golem    Hex/Summ       #.......     100%        3    ####...
 Hydra Form               Tmut           #.........   100%        6    #######


Dungeon Overview and Level Annotations

Branches:
Dungeon (9/15)             Temple (1/1) D:4            Lair (0/6) D:8
    Orc: D:9-12

Altars:
Ashenzari
Cheibriados
Dithmenos
Elyvilon
Fedhas
Gozag
Hepliaklqana
Kikubaaqudgha
Makhleb
Nemelex Xobeh
Okawaru
Qazlal
Ru
Sif Muna
Trog
Uskayaw
Vehumet
Wu Jian
Xom
Yredelemnul
Zin
The Shining One
Lugonu

Shops:
D:6 (   D:9 =


Innate Abilities, Weirdness & Mutations

You reflexively headbutt those who attack you in melee.
You have a pair of horns on your head.


Message History

Your ynoxinul dies!
Your ufetubus disappears in a puff of smoke! x8
A demon appears!
You can no longer summon a lesser servant of Makhleb.
The white ugly thing stings you but does no damage.
Your ynoxinul gestures at the white ugly thing.
The iron shot hits the white ugly thing.
The white ugly thing stings your ynoxinul.
The white ugly thing freezes your ynoxinul!
Your ynoxinul resists.
You slash the small abomination!
The small abomination is moderately damaged.
The small abomination hits you!
* * * LOW HITPOINT WARNING * * *
You hit the small abomination.
The small abomination is heavily damaged.
The white ugly thing barely misses your ynoxinul.
Your ynoxinul gestures.
The small abomination hits you!
You die...

..##.#.#.##.#..........##.#..##.#
...#...#....#############.#.###.#
...########.........#.....#.....#
##.# #...######...#####.##### #.#
##©########### #.# #(# #.###5.##
####.# #.# ####..©5# #....# #.#
####.3..######.#### #.#
...###.ux@###.....# ##.##
#......5### #.##### ....#
##.$$$.######.# ##..# #.$_/.
#....# #...# #.=)). ###### #####
#...... ..# ...###. #.# ..#####
#.# ## ###


You could see a white ugly thing, a small abomination, a friendly ynoxinul and 3
friendly ufetubi.

Vanquished Creatures
  An elephant (D:8)
  A human (D:7)
  The ghost of Ratty the Magician, an amateur VSTm of Gozag (D:4)
  2 yaks
  3 hogs (D:7)
  2 steam dragons
  A hungry ghost (D:9)
  2 ice beasts (D:7)
  4 orc warriors
  2 black bears
  2 ogres
  2 sky beasts
  3 phantoms
  3 centaurs
  3 crocodiles
  A bullfrog (D:8)
  A wyvern skeleton (D:9)
  2 scorpions
  2 howler monkeys
  6 crimson imps
  2 quasits
  2 jellies
  3 orc priests
  3 hounds
  13 orc wizards
  2 iguanas
  9 worker ants
  A hound skeleton (D:5)
  2 worker ant zombies (D:6)
  10 gnolls
  16 adders
  4 oozes
  An adder zombie (D:6)
  An adder skeleton (D:9)
  3 worms
  5 dart slugs
  8 leopard geckos
  28 orcs
  6 bats
  5 giant cockroaches
  6 goblins
  4 hobgoblins
  18 jackals
  3 quokkas
  2 ball pythons
  4 frilled lizards
  A giant cockroach zombie (D:4)
  12 kobolds
  A leopard gecko skeleton (D:7)
  A quokka zombie (D:6)
  8 rats
228 creatures vanquished.

Notes
Turn   | Place    | Note
-------+----------+-------------------------------------------
     0 | D:1      | George the Minotaur Fighter began the quest for the Orb.
     0 | D:1      | Reached XP level 1. HP: 19/19 MP: 0/0
   106 | D:1      | Reached XP level 2. HP: 26/27 MP: 1/1
   153 | D:1      | Reached skill level 3 in Long Blades
   297 | D:1      | Reached XP level 3. HP: 24/33 MP: 2/2
   343 | D:1      | Reached skill level 1 in Dodging
   681 | D:2      | Found a white marble altar of Elyvilon.
  1089 | D:2      | Reached XP level 4. HP: 34/40 MP: 3/3
  1617 | D:3      | Reached skill level 4 in Long Blades
  1639 | D:3      | Reached XP level 5. HP: 35/46 MP: 4/4
  2002 | D:4      | Reached XP level 6. HP: 52/53 MP: 5/5
  2007 | D:4      | Reached skill level 5 in Long Blades
  2115 | D:4      | Found a staircase to the Ecumenical Temple.
  2163 | D:4      | Noticed Ratty's ghost (amateur VSTm)
  2184 | D:4      | Killed Ratty's ghost
  2184 | D:4      | Reached skill level 5 in Fighting
  2184 | D:4      | Reached skill level 5 in Armour
  2184 | D:4      | Reached skill level 5 in Shields
  2202 | Temple   | Entered the Ecumenical Temple
  2343 | Temple   | Became a worshipper of Makhleb the Destroyer
  2404 | D:4      | Reached XP level 7. HP: 59/61 MP: 6/6
  2792 | D:5      | Entered Level 5 of the Dungeon
  2816 | D:5      | Found a deep blue altar of Sif Muna.
  2931 | D:5      | Reached skill level 6 in Long Blades
  2972 | D:5      | Reached skill level 1 in Invocations
  3156 | D:5      | Found a hazy altar of Hepliaklqana.
  3159 | D:5      | Found a glowing golden altar of the Shining One.
  3162 | D:5      | Found a white marble altar of Elyvilon.
  3276 | D:5      | Noticed a steam dragon
  3277 | D:5      | Noticed a steam dragon
  3288 | D:5      | Killed a steam dragon
  3288 | D:5      | Reached XP level 8. HP: 23/69 MP: 6/8
  3583 | D:6      | Reached * piety under Makhleb
  3684 | D:6      | Reached skill level 7 in Long Blades
  3773 | D:6      | You fall through a shaft for 2 floors!
  3884 | D:8      | Noticed an elephant
  3904 | D:8      | Killed an elephant
  3904 | D:8      | Reached skill level 8 in Long Blades
  4115 | D:8      | Found a staircase to the Lair.
  4197 | D:6      | Reached XP level 9. HP: 72/78 MP: 10/10
  4412 | D:6      | Reached skill level 5 in Dodging
  4503 | D:6      | Found Deckikua's Weapon Shoppe.
  5080 | D:6      | Reached ** piety under Makhleb
  5150 | D:6      | Reached skill level 9 in Long Blades
  5490 | D:7      | Found a deep blue altar of Sif Muna.
  5941 | D:7      | Reached XP level 10. HP: 31/86 MP: 12/12
  6338 | D:7      | Found a basalt altar of Yredelemnul.
  6866 | D:8      | Reached skill level 10 in Long Blades
  7054 | D:8      | Found a bloodstained altar of Trog.
  7240 | D:9      | Found Akhy's Jewellery Shop.
  7267 | D:9      | Bought an uncursed amulet of regeneration for 330 gold pieces
  7431 | D:9      | Found a sparkling altar of Nemelex Xobeh.
  7515 | D:9      | Reached *** piety under Makhleb
  7567 | D:9      | Found a corrupted altar of Lugonu.
  7754 | D:9      | Found a transporter.
  8189 | D:9      | Noticed a white ugly thing
  8203 | D:9      | Slain by a small abomination

Vault maps used:
D:1:      onia_arrival_pyramid, minmay_hexomino_f4
D:2:      elyvilon_altar_5
D:3:      cheibrodos_helix_gallery, first_ration, nicolae_underground_beach
D:4:      minmay_temple_entry_glassed_door
D:5:      kennysheep_steamy, kennysheep_mini, grunt_temple_overflow_diamond,
          serial_bayou_crossing
D:6:      serial_shops, shop
D:7:      lemuel_crystal_altar, grunt_livestock, led_sif_pool
D:8:      lightli_temple_of_fire, david_lair_generic
D:9:      gammafunk_corrupted_shrine, serial_shops, shop, nemelex_altar_shiori
Temple:   regret_index_temple_sphere_string

Skill      XL: |  1  2  3  4  5  6  7  8  9 10 |
---------------+-------------------------------+-----
Long Blades    | 3 4 5 6 8 9 10 | 10.2
Armour         | 4 5 6 7 8 |  8.2
Dodging        | 1 2 3 4 5 6 |  6.5
Fighting       | 4 5 6 7 8 |  8.1
Shields        | 4 5 6 7 8 |  8.0
Invocations    | 1 3 4 |  4.9

Action                   |  1- 3 |  4- 6 |  7- 9 | 10-12 || total
-------------------------+-------+-------+-------+-------++-------
Melee: Long sword        |   119 |   179 |   400 |   193 ||   891
       Headbutt          |    21 |    26 |    92 |    32 ||   171
Invok: Lesser Servant of |       |       |       |     2 ||     2
       Minor Destruction |       |       |       |     1 ||     1
  Use: Scroll            |       |       |     8 |       ||     8
       Potion            |       |       |     1 |       ||     1
  Eat: Chunk             |     1 |     4 |    12 |     6 ||    23
       Ration            |       |       |       |     1 ||     1
Armor: Scale mail        |    40 |       |       |       ||    40
       Plate armour      |     1 |   127 |   166 |       ||   294
       Chain mail        |       |       |       |    69 ||    69
Dodge: Dodged            |    38 |    30 |    66 |    42 ||   176
Block: Shield            |    52 |   103 |   205 |    95 ||   455
       Rpst.: Long sword |    11 |    10 |    18 |     6 ||    45

Table legend:
 A = Spawn XP
 B = Non-spawn XP
 C = Spawn XP percentage of total XP
 D = Spawn monster count
 E = Non-spawn monster count
 F = Spawn count percentage of total count
 G = Total turns spent on level
                    A         B        C        D         E        F      G
               +---------+---------+-------+---------+---------+-------+---------
         Total |       0 |    7753 |   0.0 |       0 |     228 |   0.0 |  8203
               +---------+---------+-------+---------+---------+-------+---------
           D:1 |       0 |      51 |   0.0 |       0 |      27 |   0.0 |   604
           D:2 |       0 |      66 |   0.0 |       0 |      23 |   0.0 |   734
           D:3 |       0 |     222 |   0.0 |       0 |      31 |   0.0 |   631
           D:4 |       0 |     438 |   0.0 |       0 |      16 |   0.0 |   656
           D:5 |       0 |     651 |   0.0 |       0 |      18 |   0.0 |   778
           D:6 |       0 |    1472 |   0.0 |       0 |      41 |   0.0 |  1493
           D:7 |       0 |    1906 |   0.0 |       0 |      29 |   0.0 |  1263
           D:8 |       0 |    1796 |   0.0 |       0 |      22 |   0.0 |   898
           D:9 |       0 |    1151 |   0.0 |       0 |      21 |   0.0 |   979
               +---------+---------+-------+---------+---------+-------+---------
